 Dungeon Crawl Stone Soup version 0.28.0-1-gb440e238dd (webtiles) character file.

Game seed: 6927605293940033004

175 zeram the Sneak (level 5, -8/27 HPs)
             Began as a Kobold Brigand on Feb 23, 2022.
             Killed from afar by an orc wizard (10 damage)
             ... with a magic dart
             ... on level 3 of the Dungeon on Feb 24, 2022.
             The game lasted 00:06:08 (3126 turns).

zeram the Sneak (Kobold Brigand)                    Turns: 3126, Time: 00:06:08

Health: -8/27      AC:  3    Str:  8    XL:     5   Next: 86%
Magic:  5/5        EV: 14    Int: 14    God:
Gold:   172        SH:  0    Dex: 19    Spells: 4/4 levels left

rFire   . . .      SeeInvis .   f - +4 dagger (holy)
rCold   . . .      Faith    .   g - +0 buckler
rNeg    . . .      Spirit   .   b - +0 robe
rPois   .          Reflect  .   (no helmet)
rElec   .          Harm     .   c - +0 cloak
rCorr   .          Rampage  .   (no gloves)
Will    .....                   (no boots)
Stlth   ++++......              (no amulet)
HPRegen 0.09/turn               (no ring)
MPRegen 0.09/turn               (no ring)

@: confused
A: small, no large weapons, nightstalker 3, thin skeletal structure 1, frail 1,
sturdy frame 1
a: no special abilities


You were on level 3 of the Dungeon.
You visited 1 branch of the dungeon, and saw 3 of its levels.

You collected 172 gold pieces.

Inventory:

Hand Weapons
 a - a +2 dagger
 f - a +4 dagger of holy wrath (weapon)
Missiles
 d - 14 poisoned darts (quivered)
 e - 2 curare-tipped darts
Armour
 b - a +0 robe (worn)
 c - a +0 cloak (worn)
 g - a +0 buckler (worn)
Scrolls
 j - a scroll of enchant weapon {unknown}
Potions
 i - a potion of flight


   Skills:
 - Level 2.1 Fighting
 + Level 4.4 Short Blades
 - Level 2.1 Throwing
 + Level 2.5 Dodging
 + Level 7.3 Stealth
 * Level 1.2 Shields


You had 4 spell levels left.
You didn't know any spells.
Your spell library was empty.

Dungeon Overview and Level Annotations

Branches:
Dungeon (3/15)

Altars:
Xom


Innate Abilities, Weirdness & Mutations

You are small and have problems with some larger weapons.
You are completely attuned to the shadows.
You have a somewhat thin skeletal structure. (Dex +2, Stealth+)
You are frail. (-10% HP)
Your movements are slightly less encumbered by armour. (ER -2)


Message History

You hit the orc wizard.
The orc wizard is heavily wounded.
You hit the orc wizard but do no damage.
The orc wizard is heavily wounded.
The orc wizard barely misses you.
You hit the orc wizard.
The orc wizard is severely wounded.
The orc wizard casts a spell.
The orc wizard flickers and vanishes!
You hit something. Something hits you.
You miss something.
You hear some strange, mumbled words.
A puff of flame appears from out of thin air!
The puff of flame hits you!
You hear some strange, mumbled words.
A puff of flame appears from out of thin air!
The puff of flame hits you!
* * * LOW HITPOINT WARNING * * *
A puff of flame appears from out of thin air!
The puff of flame misses you.
Okay, then.
You are confused.
Okay, then.
You are too confused!
Really quaff the potion of mutation?
You feel extremely strange.
Your bones become slightly less dense.
You feel frail.
You feel less encumbered by your armour.
You bump into the rock wall.
A magic dart appears from out of thin air!
The magic dart hits you!
* * * LOW HITPOINT WARNING * * *
You bump into the rock wall.
You hear some strange, mumbled words.
You are more confused.
Unknown command.
You're too confused to move!
A magic dart appears from out of thin air!
The magic dart hits you!
You die...

.....# #.....#
##.#.# .
#.....#
##.#.##..
#.....#
##.......
#.....#
####.###.
##########.####
####.#
.......###.#
.....#
###.#.....#
######
#.#######
.###@######
.......{..#
#########.##
#..# ##.## #..#
##.# #.## #..#


There were no monsters in sight!

Vanquished Creatures
  A scorpion (D:2)
  A hound skeleton (D:2)
  3 gnolls (D:2)
  2 dart slugs (D:1)
  4 orcs
  6 endoplasms
  3 giant cockroaches
  3 goblins (D:1)
  3 hobgoblins
  12 jackals
  6 quokkas
  4 ball pythons (D:2)
  5 bats
  3 frilled lizards
  5 kobolds
  5 rats
66 creatures vanquished.

Vanquished Creatures (others)
  A fungus (D:3)
  4 plants (D:3)
5 creatures vanquished.

Grand Total: 71 creatures vanquished

Notes
Turn   | Place    | Note
-------+----------+-------------------------------------------
     0 | D:1      | zeram the Kobold Brigand began the quest for the Orb.
     0 | D:1      | Reached XP level 1. HP: 12/12 MP: 1/1
    60 | D:1      | Found a faded altar of an unknown god.
    73 | D:1      | Reached XP level 2. HP: 17/17 MP: 2/2
   172 | D:1      | Reached skill level 6 in Stealth
   259 | D:1      | Reached XP level 3. HP: 7/21 MP: 3/3
  1306 | D:2      | Noticed a scorpion
  1325 | D:2      | Killed a scorpion
  1326 | D:2      | Reached skill level 7 in Stealth
  1326 | D:2      | Reached XP level 4. HP: 9/26 MP: 4/4
  1562 | D:2      | Reached XP level 5. HP: 30/30 MP: 5/5
  1590 | D:2      | Reached skill level 1 in Shields
  2741 | D:3      | Found a shimmering altar of Xom.
  2823 | D:3      | Identified the +1 chain mail of Trumpets {Fly rCorr}
  3123 | D:3      | Gained mutation: You have a somewhat thin skeletal
                  | structure. (Dex +2, Stealth+) [potion of mutation]
  3123 | D:3      | Gained mutation: You are frail. (-10% HP) [potion of
                  | mutation]
  3123 | D:3      | Gained mutation: Your movements are slightly less
                  | encumbered by armour. (ER -2) [potion of mutation]
  3126 | D:3      | Killed from afar by an orc wizard

Illustrated notes

Levels and vault maps discovered:
D:1:      elethiomel_arrival_quiet, layout_basic, basic_ecumenical_altar
D:2:      layout_loops_ring
D:3:      layout_loops_cross, mainiacjoe_overflow_boulevard,
          columned_hall_lemuel

Skill      XL: |  1  2  3  4  5 |
---------------+----------------+-----
Stealth        | 6 7 |  7.3
Short Blades   | 3 4 |  4.4
Dodging        | 2 |  2.5
Shields        | 1 |  1.2
Fighting       | |  2.1
Throwing       | |  2.1

Action                   |  1- 3 |  4- 6 || total
-------------------------+-------+-------++-------
Melee: Dagger            |    89 |   104 ||   193
  Use: Scroll            |     2 |     1 ||     3
       Potion            |       |     1 ||     1
 Stab: Sleeping          |    12 |    16 ||    28
Armor: Robe              |    23 |     6 ||    29
Dodge: Dodged            |    74 |    52 ||   126
Block: Buckler           |     1 |    20 ||    21
